 Dungeon Crawl Stone Soup version 0.28.0-53-g5a82cb258f (webtiles) character file.

Game seed: 8550612804330542151

1208 quokkamancerX the Cleaver (level 8, 0/64 HPs)
             Began as a Hill Orc Fighter on July 6, 2022.
             Was a Believer of Uskayaw.
             Slain by Grinder (8 damage)
             ... while paralysed by Grinder
             ... on level 5 of the Dungeon.
             The game lasted 00:13:22 (5258 turns).

quokkamancerX the Cleaver (Hill Orc Fighter)        Turns: 5258, Time: 00:13:22

Health: 0/64       AC:  9    Str: 21    XL:     8   Next: 45%
Magic:  8/8        EV:  2    Int:  8    God:    Uskayaw [**....]
Gold:   226        SH:  0    Dex: 10    Spells: 7/7 levels left

rFire   . . .      SeeInvis .   a - +0 war axe
rCold   . . .      Faith    .   c - +0 buckler
rNeg    . . .      Spirit   .   m - +0 chain mail
rPois   .          Reflect  .   (no helmet)
rElec   .          Harm     .   (no cloak)
rCorr   .          Rampage  .   (no gloves)
Will    .....                   (no boots)
Stlth   ..........              f - amulet of the acrobat
HPRegen 0.20/turn               (no ring)
MPRegen 0.11/turn               (no ring)

@: paralysed
A: no striking features
a: Renounce Religion, Stomp, Line Pass


You were on level 5 of the Dungeon.
You worshipped Uskayaw.
Uskayaw was noncommittal.
You visited 2 branches of the dungeon, and saw 6 of its levels.

You collected 226 gold pieces.

Inventory:

Hand Weapons
 a - a +0 war axe (weapon)
 b - a +0 flail
Missiles
 k - 2 atropa-tipped darts (quivered)
 l - 30 sling bullets
 n - a boomerang
 w - 6 poisoned darts
Armour
 c - a +0 buckler (worn)
 m - a +0 chain mail (worn)
Jewellery
 f - an amulet of the acrobat (around neck)
 i - a +4 ring of slaying
Scrolls
 e - a scroll of brand weapon {unknown}
 j - a scroll of immolation
 o - a scroll of magic mapping {unknown}
 q - a scroll of holy word {unknown}
 s - a scroll of enchant weapon {unknown}
 u - 3 scrolls of teleportation
Potions
 d - 2 potions of haste {unknown}
 g - 4 potions of flight
 h - 2 potions of curing
 p - a potion of ambrosia
 r - a potion of brilliance {unknown}
 v - a potion of lignification {unknown}


   Skills:
 - Level 3.6 Fighting
 + Level 13.0 Axes
 - Level 3.2 Armour
 - Level 3.2 Shields


You had 7 spell levels left.
You didn't know any spells.
Your spell library contained the following spells:

 Spells                   Type           Power      Damage    Failure   Level
 Pain                     Necr           0%         1d4       99%         1
 Slow                     Hex            0%         N/A       99%         1
 Confusing Touch          Hex            0%         N/A       100%        3
 Vampiric Draining        Necr           0%         2d6       100%        3
 Agony                    Necr           0%         N/A       100%        5
 Excruciating Wounds      Necr           0%         N/A       100%        5


Dungeon Overview and Level Annotations

Branches:
Dungeon (5/15)             Temple (1/1) D:5

Altars:
Ashenzari
Dithmenos
Elyvilon
Fedhas
Gozag
Hepliaklqana
Kikubaaqudgha
Makhleb
Nemelex Xobeh
Okawaru
Qazlal
Sif Muna
Trog
Uskayaw
Vehumet
Wu Jian
Xom
Yredelemnul
Zin
The Shining One

Annotations:
D:5 exclusion: upstairs, Grinder


Message History

Grinder hits you.
You writhe in agony.
You closely miss Grinder.
Grinder is lightly wounded.
Grinder hits you.
You writhe in agony.
You slash Grinder!
Grinder is heavily wounded.
Grinder hits you.
You writhe in agony.
You can now pass through a line of other dancers.
You barely miss Grinder.
Grinder is heavily wounded.
Grinder hits you but does no damage.
You closely miss Grinder.
Grinder is heavily wounded.
Grinder hits you.
You writhe in agony.
You closely miss Grinder.
Grinder is heavily wounded.
Grinder closely misses you.
You closely miss Grinder.
Grinder is heavily wounded.
You can no longer pass through a line of other dancers.
You slash Grinder!
Grinder is severely wounded.
Grinder hits you.
You can now pass through a line of other dancers.
You hit Grinder but do no damage.
Grinder is severely wounded.
Grinder hits you.
You writhe in agony.
You slash Grinder!
Grinder is almost dead.
Grinder gestures at you.
You suddenly lose the ability to move!
Grinder hits you.
Grinder says, "FISH!"
Grinder hits you.
You writhe in agony.
Grinder hits you!
* * * LOW HITPOINT WARNING * * *
You writhe in agony.
* * * LOW HITPOINT WARNING * * *
Grinder hits you!
You die...

############
#..........#
#.......)..######
#.......>.......#
#..........####.##
#@................
#.....5..........####..#
###.###.##.##....#####.#
#.##.#.....##.....
.#....#.....##.....
.##.........##.....
##..................
..###.....###......
#.#≈≈≈≈≈≈≈≈≈#.####.


You could see Grinder.

Vanquished Creatures
  3 yaks (D:5)
  3 ogres
  2 scorpions (D:4)
  2 hounds (D:5)
  A bullfrog skeleton (D:5)
  3 iguanas
  An orc wizard (D:5)
  Natasha (thrice) (D:2)
  4 adders
  An adder skeleton (D:4)
  A worm (D:3)
  4 dart slugs
  10 orcs
  6 endoplasms
  5 giant cockroaches
  4 goblins
  6 hobgoblins
  7 jackals
  6 kobolds
  2 quokkas
  7 ball pythons
  A bat (D:3)
  5 frilled lizards
  6 rats
93 creatures vanquished.

Notes
Turn   | Place    | Note
-------+----------+-------------------------------------------
     0 | D:1      | quokkamancerX the Hill Orc Fighter began the quest for the
                  | Orb.
     0 | D:1      | Reached XP level 1. HP: 19/19 MP: 1/1
    71 | D:1      | Found a faded altar of an unknown god.
    74 | D:1      | Reached skill level 3 in Axes
   182 | D:1      | Reached XP level 2. HP: 26/26 MP: 2/2
   305 | D:1      | Reached skill level 4 in Axes
   613 | D:1      | Reached XP level 3. HP: 31/31 MP: 3/3
  1028 | D:2      | Noticed Natasha
  1038 | D:2      | Killed Natasha
  1039 | D:2      | Reached skill level 5 in Axes
  1214 | D:2      | Noticed Natasha
  1240 | D:2      | Killed Natasha
  1241 | D:2      | Reached skill level 6 in Axes
  1241 | D:2      | Reached XP level 4. HP: 21/39 MP: 4/4
  1252 | D:2      | Noticed Natasha
  1262 | D:2      | Killed Natasha
  1552 | D:2      | Reached XP level 5. HP: 36/45 MP: 5/5
  2060 | D:3      | Reached skill level 7 in Axes
  2853 | D:4      | Noticed an ogre
  2867 | D:4      | Killed an ogre
  2868 | D:4      | Reached skill level 8 in Axes
  2868 | D:4      | Reached XP level 6. HP: 17/51 MP: 6/6
  3300 | D:4      | Found a shimmering altar of Xom.
  3629 | D:4      | Reached skill level 9 in Axes
  3954 | D:4      | Reached XP level 7. HP: 57/57 MP: 7/7
  4119 | D:5      | Entered Level 5 of the Dungeon
  4210 | D:5      | Noticed a yak
  4210 | D:5      | Noticed a yak
  4210 | D:5      | Noticed a yak
  4221 | D:5      | Killed a yak
  4222 | D:5      | Reached skill level 10 in Axes
  4223 | D:5      | Killed a yak
  4224 | D:5      | Reached skill level 11 in Axes
  4226 | D:5      | Killed a yak
  4227 | D:5      | Reached XP level 8. HP: 34/64 MP: 8/8
  4405 | D:5      | Found an ornate altar of the Wu Jian Council.
  4420 | D:5      | Reached skill level 12 in Axes
  4757 | D:5      | Found a staircase to the Ecumenical Temple.
  4768 | Temple   | Entered the Ecumenical Temple
  4904 | Temple   | Became a worshipper of Uskayaw the Reveller
  5062 | D:5      | Reached * piety under Uskayaw
  5064 | D:5      | Reached ** piety under Uskayaw
  5225 | D:5      | Reached skill level 13 in Axes
  5237 | D:5      | Noticed Grinder
  5254 | D:5      | Paralysed by Grinder for 4 turns
  5258 | D:5      | Slain by Grinder

Illustrated notes

Levels and vault maps discovered:
D:1:      minmay_arrival_glassed_features, layout_basic,
          hellmonk_ecumenical_altar_slurped_away
D:2:      layout_basic, kennysheep_generic_room_16, uniq_natasha
D:3:      layout_loops_cross
D:4:      layout_loops_ring, nicolae_overflow_hidden_temple
D:5:      layout_basic, lemuel_tele_altar, minmay_temple_entry_water_ring,
          minmay_misc_feat_chi, uniq_grinder
Temple:   mainiacjoe_temple_coin_purse

Skill      XL: |  1  2  3  4  5  6  7  8 |
---------------+-------------------------+-----
Axes           | 3 4 6 8 9 11 13 | 13.0
Fighting       | |  3.6
Armour         | |  3.2
Shields        | |  3.2

Action                   |  1- 3 |  4- 6 |  7- 9 || total
-------------------------+-------+-------+-------++-------
Melee: War axe           |    91 |   127 |    72 ||   290
Throw: Dart              |       |     6 |     4 ||    10
       Boomerang         |       |     1 |       ||     1
Invok: Line Pass         |       |       |     1 ||     1
  Use: Scroll            |       |     4 |     2 ||     6
       Potion            |       |     1 |     1 ||     2
 Stab: Invisible         |       |     1 |       ||     1
Armor: Scale mail        |    31 |       |       ||    31
       Chain mail        |     4 |    42 |    24 ||    70
Dodge: Dodged            |    45 |    52 |    18 ||   115
Block: Buckler           |    14 |    21 |     8 ||    43
